 Dungeon Crawl Stone Soup version 0.28-a0-1190-g77e1c55843 (webtiles) character file.

Game seed: 662208193512971273

921 ChaosChampion the Ruffian (level 7, -3/61 HPs)
             Began as a Purple Draconian Transmuter on Dec 18, 2021.
             Slain by an orc (5 damage)
             ... on level 5 of the Dungeon.
             The game lasted 00:06:59 (4950 turns).

ChaosChampion the Ruffian (DrTm)                    Turns: 4950, Time: 00:07:00

Health: -3/61      AC:  6    Str: 13    XL:     7   Next: 84%
Magic:  9/12       EV: 12    Int: 15    God:
Gold:   130        SH:  0    Dex: 11    Spells: 9/12 levels left

rFire   . . .      SeeInvis .     - Unarmed
rCold   . . .      Faith    .   (no shield)
rNeg    . . .      Spirit   .   (armour unavailable)
rPois   .          Reflect  .   (helmet currently unavailable)
rElec   .          Harm     .   (no cloak)
rCorr   .          Rampage  .   (no gloves)
Will    +....                   (boots currently unavailable)
Stlth   +.........              (no amulet)
HPRegen 0.20/turn               (no ring)
MPRegen 0.13/turn               (no ring)

@: short of breath, appendages, wereblooded
A: horns 2, talons 2, breathe power, AC +6, unfitting armour, cold-blooded
a: Breathe Dispelling Energy, End Transformation


You were on level 5 of the Dungeon.
You had temporarily grown beastly horns and talons.
You visited 1 branch of the dungeon, and saw 5 of its levels.

You collected 130 gold pieces.

Inventory:

Missiles
 d - 3 throwing nets
Armour
 e - a +0 pair of boots (melded)
 k - a +1 hat (melded)
Scrolls
 c - 2 scrolls of noise {unknown}
 f - 3 scrolls of teleportation {unknown}
 h - 2 scrolls of enchant weapon {unknown}
 i - a scroll of enchant armour {unknown}
 n - a scroll of acquirement {unknown}
 o - a scroll of torment {unknown}
Potions
 a - a potion of attraction {unknown}
 b - a potion of lignification {unknown}
 g - a potion of heal wounds
 j - 4 potions of haste
 l - 3 potions of cancellation
 m - 2 potions of curing {unknown}


   Skills:
 + Level 5.4 Fighting
 - Level 1.7 Dodging
 + Level 5.8 Unarmed Combat
 + Level 3.4 Spellcasting
 + Level 5.4 Transmutations


You had 9 spell levels left.
You knew the following spells:

 Your Spells              Type           Power      Damage    Failure   Level
a - Beastly Appendage     Tmut           36%        N/A       1%          1
b - Wereblood             Tmut           18%        N/A       3%          2

Your spell library contained the following spells:

 Spells                   Type           Power      Damage    Failure   Level
 Spider Form              Tmut/Pois      10%        N/A       19%         3
 Ice Form                 Ice/Tmut       10%        N/A       54%         4


Dungeon Overview and Level Annotations

Branches:
Dungeon (5/15)
 Temple: D:4-7

Altars:
Elyvilon
Makhleb
Uskayaw
Zin

Shops:
D:1 [[=[

Annotations:
D:5 1 transporter, Fortus's ghost, novice OpFi


Innate Abilities, Weirdness & Mutations

You have temporarily grown beastly horns and talons.
You can breathe bolts of dispelling energy.
Your rich purple scales are hard. (AC +6)
You cannot fit into any form of body armour.
You are cold-blooded and may be slowed by cold attacks.


Message History

An orc warrior comes into view. It is wielding a +0 glaive.
The orc warrior shouts!
The orc wizard barely misses you.
You closely miss the orc wizard. You headbutt the orc wizard.
The orc wizard is heavily wounded.
An orc wizard comes into view. It is wielding a +0 dagger.
The orc wizard hits you with a +0 dagger.
The orc wizard shouts!
You hit the orc wizard. You claw the orc wizard.
You feel a bit better.
You kill the orc wizard!
You barely miss the orc. You claw the orc. You headbutt the orc.
You feel a bit better.
You kill the orc!
You hit the orc.
The orc is heavily wounded.
The orc warrior hits you from afar with a +0 glaive!
The orc hits you but does no damage.
You hit the orc but do no damage. Your kick misses the orc.
You headbutt the orc.
The orc is heavily wounded.
The orc warrior hits you from afar with a +0 glaive!!
You are too injured to fight recklessly!
You hit the orc.
The orc is almost dead.
The orc warrior hits you from afar with a +0 glaive!
The orc hits you but does no damage.
You hit the orc wizard.
The orc wizard is lightly wounded.
The orc wizard closely misses you.
The orc warrior hits you from afar with a +0 glaive.
* * * LOW HITPOINT WARNING * * *
The orc closely misses you.
You punch the orc wizard! Your kick misses the orc wizard.
You headbutt the orc wizard.
You feel a bit better.
You kill the orc wizard!
The orc warrior hits you from afar with a +0 glaive!
* * * LOW HITPOINT WARNING * * *
The orc misses you. The orc hits you with a +0 mace.
You die...

#. ##.# ..#. . ..... .
...# .###....# #.#
.##..© ..#.....# #(#
...#. #........
#.##.##..=### #.#.....#
#..# ....!$. ##.o....#
...## ##### ###o.#
....####.©.####.@.##
..#.............###
........#.......#
...#########.##.#
...#########.##.#
................######..
..##.######.###..(......
..##..# ##.###.###.#.#
..###.####............#


You could see an orc warrior and an orc.

Vanquished Creatures
  A water moccasin (D:5)
  A black bear (D:5)
  A scorpion (D:5)
  A water moccasin skeleton (D:4)
  A howler monkey (D:4)
  2 jellies
  A hound (D:4)
  2 orc priests (D:4)
  Jessica (D:3)
  An iguana (D:5)
  Natasha (D:4)
  4 orc wizards
  Robin (D:3)
  5 gnolls
  5 adders
  An adder skeleton (D:4)
  2 worms (D:3)
  A dart slug (D:4)
  15 orcs
  3 ball pythons
  3 bats
  10 endoplasms
  4 giant cockroaches
  25 goblins
  15 hobgoblins
  3 jackals (D:1)
  A quokka (D:5)
  2 frilled lizards
  10 kobolds
  2 rats
125 creatures vanquished.

Vanquished Creatures (others)
  7 plants (D:1)
7 creatures vanquished.

Grand Total: 132 creatures vanquished

Notes
Turn   | Place    | Note
-------+----------+-------------------------------------------
     0 | D:1      | ChaosChampion the Draconian Transmuter began the quest for
                  | the Orb.
     0 | D:1      | Reached XP level 1. HP: 16/16 MP: 3/3
    38 | D:1      | Reached XP level 2. HP: 11/23 MP: 5/5
   207 | D:1      | Found Vuemaemm's Jewellery Boutique.
   245 | D:1      | Found a faded altar of an unknown god.
   298 | D:1      | Found Buphar's Armour Emporium.
   584 | D:1      | Reached XP level 3. HP: 23/29 MP: 6/6
   731 | D:1      | Learned a level 2 spell: Wereblood
   773 | D:1      | Found Paeryoh's Antique Armour Boutique.
  1015 | D:1      | Found Daulosuc's Antique Armour Boutique.
  1416 | D:2      | You fall into a shaft and drop 2 floors!
  1548 | D:4      | Reached XP level 4. HP: 37/37 MP: 5/7
  1696 | D:3      | Noticed Robin
  1716 | D:3      | HP: 1/37 [goblin[Robin] (2)]
  1754 | D:3      | Killed Robin
  1758 | D:3      | Reached XP level 5. HP: 12/45 MP: 4/8
  2082 | D:3      | Noticed Jessica
  2086 | D:3      | Killed Jessica
  2399 | D:3      | Found a hide-covered altar of Uskayaw.
  2403 | D:3      | Found a burning altar of Makhleb.
  2405 | D:3      | Found a white marble altar of Elyvilon.
  3110 | D:4      | Noticed Natasha
  3135 | D:4      | Killed Natasha
  3144 | D:4      | Reached XP level 6. HP: 17/52 MP: 6/9
  3808 | D:4      | Reached skill level 5 in Unarmed Combat
  3859 | D:4      | Found a glowing silver altar of Zin.
  4282 | D:5      | Entered Level 5 of the Dungeon
  4288 | D:5      | Your scales start taking on a rich purple colour.
  4288 | D:5      | Reached XP level 7. HP: 60/60 MP: 6/10
  4437 | D:5      | Found a transporter.
  4684 | D:5      | Reached skill level 5 in Fighting
  4684 | D:5      | Reached skill level 5 in Transmutations
  4923 | D:5      | Noticed Fortus's ghost (novice OpFi)
  4948 | D:5      | HP: 2/61 [orc warrior (16)]
  4950 | D:5      | Slain by an orc

Illustrated notes

Levels and vault maps discovered:
D:1:      dpeg_arrival_shelter, layout_rooms, serial_shops,
          nicolae_shop_overgrown_old_shop, nicolae_shop_hallway_plus, shop,
          nicolae_shop_crystal, shapermc_ecumenical_altar_hornbeckon
D:2:      layout_basic
D:3:      layout_loops_ring, minitemple, uniq_jessica, uniq_robin
D:4:      layout_basic, lemuel_round_altar, uniq_natasha
D:5:      corexii_shantytown, layout_loops_ring, gammafunk_ghost_stat_death

Skill      XL: |  1  2  3  4  5  6  7 |
---------------+----------------------+-----
Fighting       | 2 3 4 5 |  5.4
Transmutations | 3 4 5 |  5.4
Unarmed Combat | 4 5 |  5.8
Spellcasting   | 3 |  3.4
Dodging        | |  1.7

Action                   |  1- 3 |  4- 6 |  7- 9 || total
-------------------------+-------+-------+-------++-------
Melee: Unarmed           |   104 |   194 |    84 ||   382
       Kick              |    13 |    46 |    11 ||    70
       Tailslap          |    14 |    15 |     7 ||    36
       Headbutt          |     9 |    14 |    15 ||    38
       Punch             |       |     3 |       ||     3
 Cast: Beastly Appendage |    17 |    24 |    10 ||    51
       Wereblood         |     6 |    17 |     7 ||    30
 Abil: Breathe Dispellin |       |       |     3 ||     3
  Use: Scroll            |       |     3 |       ||     3
Armor: Skin              |    26 |    85 |    22 ||   133
Dodge: Dodged            |    63 |   128 |    45 ||   236

Table legend: (Time is in decaauts)
 A = Elapsed time spent in this place.
 B = Non-inter-level travel time spent in this place.
 C = Inter-level travel time spent in this place.
 D = Time resting spent in this place.
 E = Time spent auto-exploring this place.
 F = Levels seen in this place.
 G = Mean time per level.
                   A        B        C        D        E       F      G
               +--------+--------+--------+--------+--------+-----+--------+
         Total |   4923 |   4853 |     70 |     39 |   4000 |   5 |  984.6 |
       Dungeon |   4923 |   4853 |     70 |     39 |   4000 |   5 |  984.6 |
               +--------+--------+--------+--------+--------+-----+--------+

Top non-repeatable levels by time:
     D:4: 1473 daAuts
     D:3: 1380 daAuts
     D:1: 1036 daAuts
     D:5: 659 daAuts
     D:2: 373 daAuts
